AoeStats
← Unknown

MegaRandom

506763803Analyzed
2v2 RM · 18d ago on Sep 15, 2026· 38m 4s· 4 players
Game mode
Random Map
Map size
Medium (4 player)
Population
200
Speed
Normal
Resources
Standard
Victory
Conquest
Starting age
Dark Age
Ending age
Imperial Age
RankedLock teamsTeams togetherTeam positionsShared explorationLock speedFull tech treeHidden civsTurbo modeCheats
Victory
Defeat
🇨🇱 Slavs · Chile
1112
+15
🇨🇱 Maya · Chile
1112
+15
🇵🇪 Magyars · Peru
1114
-16
🇨🇱 Franks · Chile
1058
-14
Unknown
7:48 Loom
14:23 Feudal Age
19:19 Castle Age
18:27 Scale Barding Armor
19:31 Bloodlines
19:51 Horse Collar
22:17 Scale Mail Armor
25:26 Wheelbarrow
24:40 Double-Bit Axe
30:30 Bow Saw
30:52 Heavy Plow
31:08 Corvinian Army
36:03 Imperial Age
34:18 Hand Cart
33:49 Town Watch
35:54 Husbandry
39:16 Imperial Age
MBG
6:11 Loom
15:20 Feudal Age
21:41 Castle Age
21:45 Scale Barding Armor
27:33 Forging
27:15 Fletching
29:43 Bodkin Arrow
35:49 Town Watch
37:27 Gold Mining
tojoka
6:26 Loom
14:54 Feudal Age
15:39 Double-Bit Axe
20:26 Bloodlines
22:56 Castle Age
24:33 Pikeman
28:48 Scale Barding Armor
28:53 Forging
29:40 Bow Saw
31:28 Husbandry
30:59 Light Cavalry
32:33 Man-at-Arms
37:22 Chain Barding Armor
37:37 Iron Casting
Smitty
2:46 Loom
11:36 Feudal Age
12:03 Double-Bit Axe
15:59 Scale Mail Armor
17:06 Forging
17:44 Arson
19:33 Horse Collar
21:18 Wheelbarrow
23:59 Castle Age
23:24 Gold Mining
24:48 Squires
24:16 Eagle Warrior
24:17 Pikeman
25:19 Town Watch
25:36 Stone Mining
29:44 Iron Casting
29:25 Chain Mail Armor
37:20 Stone Shaft Mining
Connection lost

Rejoining the realm…

Still unreachable

The connection could not be restored.

Session expired

The server has moved on; the page needs a fresh start.